 Dungeon Crawl Stone Soup version 0.28-a0-823-gb444dcf96d (webtiles) character file.

Game seed: 9871877466477303854

0 meatgazer the Skirmisher (level 1, -10/18 HPs)
             Began as a Demonspawn Abyssal Knight on Nov 9, 2021.
             Was a Follower of Lugonu.
             Mangled by a small abomination (20 damage)
             ... on level 2 of the Abyss.
             The game lasted 00:00:32 (116 turns).

meatgazer the Skirmisher (Demonspawn Abyssal Knight) Turns: 116, Time: 00:00:33

Health: -10/18     AC:  3    Str: 13    XL:     1   Next: 0%
Magic:  2/2        EV: 11    Int: 11    God:    Lugonu [*.....]
Gold:   0          SH:  0    Dex: 13    Spells: 0/0 levels left

rFire   . . .      SeeInvis .   a - +1 falchion
rCold   . . .      Faith    .   (no shield)
rNeg    . . .      Spirit   .   b - +0 leather armour
rPois   .          Reflect  .   (no helmet)
rElec   .          Harm     .   (no cloak)
rCorr   .          Rampage  .   (no gloves)
Will    .....                   (no boots)
Stlth   +.........              (no amulet)
HPRegen 0.06/turn               (no ring)
MPRegen 0.08/turn               (no ring)

@: no status effects
A: no striking features
a: Renounce Religion, Depart the Abyss


You were on level 2 of the Abyss.
You worshipped Lugonu.
Lugonu was aware of your devotion.
You visited 0 branches of the dungeon, and saw 0 of its levels.
You visited the Abyss 1 time.

Inventory:

Hand Weapons
 a - a +1 falchion (weapon)
Armour
 b - a +0 leather armour (worn)
Wands
 c - a wand of paralysis (6)


   Skills:
 + Level 3.0 Fighting
 + Level 1.7 Long Blades
 + Level 1.7 Armour
 + Level 0.8 Dodging
 + Level 2.4 Invocations


You couldn't memorise any spells.
You didn't know any spells.
Your spell library was empty.

Dungeon Overview and Level Annotations

Branches:
Dungeon (0/15)

Altars:


Message History

Found a gateway leading deeper into the Abyss.
The smoke demon roars!
An efreet comes into view.
It is wielding a +3 scimitar of flaming.
The smoke demon barely misses you. The smoke demon hits you. x2
The smoke demon hits you but does no damage.
The smoke demon closely misses you. The smoke demon hits you.
There is a gateway leading deeper into the Abyss here.
The smoke demon closely misses you.
The smoke demon hits you but does no damage.
The smoke demon barely misses you.
You plunge deeper into the Abyss.
Found a ring mail.
You start resting.
A tentacled starspawn comes into view.
As you read the scroll labelled CIAKKENNENA, it crumbles to dust.
You feel strangely unstable.
You feel the power of the Abyss delaying your translocation!
It was a scroll of teleportation.
Found a twisted ivory wand.
You see here a wand of paralysis (7).
c - a wand of paralysis (7)
A tentacle flies out from the starspawn's body!
A starspawn tentacle comes into view.
The starspawn tentacle grabs you. The starspawn tentacle constricts you.
A starspawn tentacle comes into view.
You escape the starspawn tentacle's grasp.
A tentacle flies out from the starspawn's body!
A starspawn tentacle comes into view.
The starspawn tentacle grabs you. The starspawn tentacle constricts you.
You escape the starspawn tentacle's grasp.
You are suddenly pulled into a different region of the Abyss!
An orange demon comes into view.
A small abomination comes into view.
Aiming: Paralyse
Press: ? - help, Shift-Dir - straight line, f - small abomination
Aim: a small abomination (chance to affect: 28%)
The small abomination easily resists.
The small abomination hits you!!
Ouch! That really hurt!
You die...

## . ..#.
..#
#.#...##....
#. ##.## #
.# ####...#
. #. ...#..#
.
###....####
#...#..#
#.####..##
#..@.#..#
#...#.#x.###
..#
..###...#
...# #.##..#
#.## ..#
#... # #..
## #.. #...
#..#


You could see a small abomination.

Vanquished Creatures (others)
  3 starspawn tentacles (Abyss:2)
3 creatures vanquished.

Notes
Turn   | Place    | Note
-------+----------+-------------------------------------------
     0 | Abyss:1  | meatgazer the Demonspawn Abyssal Knight began the quest for
                  | the Orb.
     0 | Abyss:1  | Reached XP level 1. HP: 18/18 MP: 2/2
    42 | Abyss:1  | Noticed a smoke demon
    45 | Abyss:1  | Noticed an efreet
    57 | Abyss:2  | Noticed a tentacled starspawn
    88 | Abyss:2  | Noticed an orange demon
   112 | Abyss:2  | Noticed a small abomination
   116 | Abyss:2  | Mangled by a small abomination

Illustrated notes

Levels and vault maps discovered:
Abyss:2:  base: Temple, minivault_25_ag, abyss_greek_temple

Action                   || total
-------------------------++-------
Evoke: Wand              ||     1
  Use: Scroll            ||     1
Armor: Leather armour    ||     2
Dodge: Dodged            ||     4

Table legend: (Time is in decaauts)
 A = Elapsed time spent in this place.
 B = Non-inter-level travel time spent in this place.
 C = Inter-level travel time spent in this place.
 D = Time resting spent in this place.
 E = Time spent auto-exploring this place.
 F = Levels seen in this place.
 G = Mean time per level.
                   A        B        C        D        E       F      G
               +--------+--------+--------+--------+--------+-----+--------+
         Total |    115 |    115 |      0 |      9 |     50 |   2 |   57.5 |
         Abyss |    115 |    115 |      0 |      9 |     50 |   2 |   57.5 |
               +--------+--------+--------+--------+--------+-----+--------+

Top non-repeatable levels by time:
 Abyss:2: 67 daAuts
 Abyss:1: 48 daAuts
